 Dungeon Crawl Stone Soup version 0.23-a0-419-g0174fd80c1 (webtiles) character file.

102755 FollowTheCloud the Fighter (level 16, -2/107 HPs)
             Began as a Gargoyle Earth Elementalist on Nov 11, 2018.
             Was the Champion of Ashenzari.
             Slain by a guardian serpent (10 damage)
             ... on level 1 of the Snake Pit on Nov 14, 2018.
             The game lasted 02:38:41 (41773 turns).

FollowTheCloud the Fighter (GrEE)                  Turns: 41773, Time: 02:38:42

Health: -2/107     AC: 28    Str: 15    XL:     16   Next: 34%
Magic:  30/32      EV: 15    Int: 20    God:    Ashenzari [******]
Gold:   1021       SH:  0    Dex: 10    Spells: 14/39 levels left

rFire    + + .     SeeInvis +   l - +1 lajatang (vamp) (curse)
rCold    + + +     Gourm    .   (shield currently unavailable)
rNeg     + . .     Faith    +   L - +0 ring mail {rF+} (curse)
rPois    ∞         Spirit   .   c - +2 hat (curse)
rElec    +         Reflect  .   X - +0 cloak
rCorr    .         Harm     .   o - +1 pair of gloves (curse)
MR       +....     Clarity  +   S - +0 pair of boots
Stlth    +.........             q - amulet of faith (curse)
HPRegen  0.27/turn              B - ring of protection from cold (curse)
MPRegen  0.23/turn              Y - ring "Ucapnyvuji" {rF+ rC++}

@: flying
A: big wings, negative energy resistance 1, electricity resistance, unbreathing,
petrification resistance, rot immunity, AC +12
a: Stop Flying, Curse Item, Scrying, Transfer Knowledge, Renounce Religion


You were on level 1 of the Snake Pit.
You worshipped Ashenzari.
Ashenzari was exalted by your worship.
You were not hungry.

You visited 6 branches of the dungeon, and saw 26 of its levels.
You also visited: Ossuary.

You collected 1879 gold pieces.
You spent 858 gold pieces at shops.

Inventory:

Hand Weapons
 l - a cursed +1 vampiric lajatang (weapon)
Missiles
 O - 107 stones (quivered)
Armour
 c - a cursed +2 hat (worn)
 o - a cursed +1 pair of gloves (worn)
 L - a cursed +0 ring mail of fire resistance (worn)
 S - a +0 pair of boots (worn)
 X - a +0 cloak (worn)
Jewellery
 q - a cursed amulet of faith (around neck)
 B - a cursed ring of protection from cold (left hand)
 V - an uncursed ring of magical power
 Y - the ring "Ucapnyvuji" (right hand) {rF+ rC++}
   (You found it on level 11 of the Dungeon)

   [ring of protection from fire]

   It protects you from fire.
   It greatly protects you from cold.
Wands
 C - a wand of digging (4)
 F - a wand of iceblast (32)
 H - a wand of polymorph (38)
 K - a wand of paralysis (27)
 M - a wand of random effects (21)
 R - a wand of clouds (1)
 T - a wand of enslavement (3)
 U - a wand of flame (23)
 W - a wand of acid (8)
Scrolls
 b - 7 scrolls of enchant weapon
 e - 3 scrolls of magic mapping
 f - 6 scrolls of teleportation
 h - 3 scrolls of fog {unknown}
 j - 18 scrolls of identify
 k - a scroll of acquirement {unknown}
 m - a scroll of random uselessness {unknown}
 n - a scroll of blinking
 p - 5 scrolls of amnesia
 x - 6 scrolls of enchant armour
 y - 3 scrolls of noise {unknown}
 z - 2 scrolls of fear {unknown}
 A - a scroll of vulnerability {unknown}
 N - a scroll of torment {unknown}
 P - 7 scrolls of remove curse
Potions
 a - 8 potions of might {unknown}
 g - a potion of berserk rage {unknown}
 i - 5 potions of resistance {unknown}
 r - 3 potions of haste {unknown}
 s - 4 potions of invisibility {unknown}
 t - 7 potions of curing
 u - 4 potions of agility {unknown}
 v - 4 potions of brilliance {unknown}
 w - 5 potions of mutation {unknown}
 D - 3 potions of lignification {unknown}
 E - 4 potions of magic {unknown}
 G - 5 potions of flight {unknown}
 J - 3 potions of ambrosia {unknown}
 Q - 3 potions of cancellation {unknown}
Comestibles
 d - 21 rations


   Skills:
 + Level 14.9 Fighting
 * Level 4.9(10.5) Staves
 + Level 11.7(14.4) Armour
 + Level 8.4(11.4) Dodging
 - Level 2.1 Stealth
 - Level 12.3 Spellcasting
 - Level 8.1(11.1) Conjurations
 + Level 1.9(4.1) Charms
 - Level 2.9(5.4) Translocations
 - Level 0.7(2.2) Transmutations
 + Level 4.1(7.0) Air Magic
 - Level 14.0(16.6) Earth Magic


You had 14 spell levels left.
You knew the following spells:

 Your Spells              Type           Power        Failure   Level  Hunger
a - Sandblast             Erth           ######       0%          1    None
b - Stone Arrow           Conj/Erth      ######       1%          3    None
c - Mephitic Cloud        Conj/Pois/Air  #####...     1%          3    None
d - Lee's Rapid Deconstr  Erth           ######....   1%          5    ####...
e - Petrify               Tmut/Erth      ######..     1%          4    #......
f - Blink                 Tloc           N/A          1%          2    None
g - Deflect Missiles      Chrm/Air       ####......   80%         6    ######.
z - Magic Dart            Conj           ####         1%          1    None

Your spell library contained the following spells:

 Spells                   Type           Power        Failure   Level  Hunger
 Passwall                 Tmut/Erth      ######..     1%          2    None
 Conjure Flame            Conj/Fire      #####...     2%          3    None
 Summon Small Mammal      Summ           ##..         8%          1    None
 Call Imp                 Summ           ##......     12%         2    None
 Slow                     Hex            ##......     12%         2    None
 Summon Lightning Spire   Summ/Air       ####....     19%         4    #......
 Call Canine Familiar     Summ           ##......     22%         3    None
 Summon Guardian Golem    Hex/Summ       ##......     22%         3    None
 Silence                  Hex/Air        ####......   47%         5    ####...
 Cause Fear               Hex            ##........   58%         4    #......
 Summon Ice Beast         Ice/Summ       ##......     58%         4    #......
 Yara's Violent Unravell  Hex/Tmut       ###.......   82%         5    ####...
 Haunt                    Necr/Summ      ##........   100%        7    #######
 Borgnjor's Revivificati  Necr           ##........   100%        8    #######
 Death's Door             Chrm/Necr      ###.......   100%        8    #######
 Discord                  Hex            ##........   100%        8    #######
 Infestation              Necr           ##........   100%        8    #######
 Necromutation            Tmut/Necr      ###.......   100%        8    #######


Dungeon Overview and Level Annotations

Branches:
Dungeon (15/15)            Temple (1/1) D:4            Lair (6/6) D:10
 Shoals (0/4) Lair:2        Snake (1/4) Lair:2        Slime (1/5) Lair:5
    Orc (2/2) D:12            Elf (0/3) Orc:2        Vaults (0/5) D:14
 Depths (0/5) D:15

Altars:
Ashenzari
Cheibriados
Dithmenos
Elyvilon
Fedhas
Gozag
Hepliaklqana
Kikubaaqudgha
Makhleb
Nemelex Xobeh
Okawaru
Qazlal
Ru
Sif Muna
Trog
Uskayaw
Wu Jian
Xom
The Shining One
Beogh

Shops:
D:8 *   Orc:2 (%([

Portals:
Hell: Lair:6

Annotations:
D:2 HELP's ghost, amateur DsMo
D:14 Roxanne
Lair:3 2 runed doors, Miwiyf's ghost, journeyman DDFi
Lair:6 1 runed door, Napalmbreeze's ghost, journeyman TrBe
Orc:1 Snorg


Innate Abilities, Weirdness & Mutations

You are resistant to torment.
Your stone body is resilient. (AC +12)
You are immune to poison.
Your large and strong wings let you fly indefinitely.
You resist negative energy. (rN+)
You are resistant to electric shocks. (rElec)
You can survive without breathing.
You are immune to petrification.
You are immune to rotting.


Message History

The naga sharpshooter magically shoots a bolt.
The bolt hits you!
* * * LOW HITPOINT WARNING * * *
The naga barely misses you. The naga completely misses you.
The guardian serpent hits you.
* * * LOW HITPOINT WARNING * * *
You see here 2 bolts.
Unknown command.
Unknown command.
You slash the guardian serpent!
The guardian serpent is moderately wounded.
The guardian serpent barely misses you.
The guardian serpent hits you but does no damage.
You hit the guardian serpent.
You feel better.
The guardian serpent is moderately wounded.
The guardian serpent hits you but does no damage.
You hit the guardian serpent.
The guardian serpent is heavily wounded.
The guardian serpent hits you!
You die...

######################### *
.......NN(.N.{.N{N.......
,,
.......§N....(N.{NN......,,
,,
########.(.######S#......,,
,, ##### #@###..... ,, ,,,,
# * * * #.#* ..... , , ,
##, , ,, ,, , ,... ,,....,
, , ... ,, ,∆ , ....., ...
,,, ,, ... , ,, ,,,.......
,...,,, ,,,, .... , ,
.........*, ,*** ....,,, ,
..........#** * .... ,,,
...........# ** * ....,, ,,
* * *,, , , * ** ,**


You could see 2 naga warriors, a guardian serpent and a naga.

Vanquished Creatures
  Saint Roka (Orc:2)
  Kirke (Lair:5)
  Nessos (Lair:5)
  Azrael (Orc:2)
  Josephine (Lair:4)
  Fannar (Lair:2)
  Erolcha (D:9)
  Harold (D:7)
  A vault guard (D:14)
  8 hydras
  6 centaur warriors
  An anaconda (Snake:1)
  A catoblepas (D:14)
  3 two-headed ogres
  An ogre mage (D:13)
  23 death yaks
  A sun demon (Lair:5)
  3 unseen horrors
  A flayed ghost (D:11)
  A wizard (Lair:6)
  A deep elf mage (D:14)
  3 orc knights
  2 orc sorcerers (Orc:2)
  2 ugly things
  5 cyclopes
  2 manticores
  17 elephants
  4 black mambas
  2 naga magi (Snake:1)
  13 spiny frogs
  5 orange demons (Lair:6)
  2 torpor snails
  3 kobold demonologists
  A yaktaur (D:14)
  9 komodo dragons
  8 rime drakes
  An ice devil (Lair:5)
  A hellwing (Lair:6)
  A freezing wraith (D:11)
  5 trolls
  2 hornets
  2 polar bears
  15 slime creatures
  7 blink frogs
  8 hippogriffs
  7 dream sheep
  A vampire (D:10)
  3 shadows
  39 yaks
  A wyvern (shapeshifter) (D:11)
  5 wraiths
  A human (D:7)
  Sigmund (D:4)
  2 wyverns
  6 hogs
  3 basilisks
  2 fire elementals (Orc:2)
  A hungry ghost (D:9)
  5 vampire mosquitoes
  Menkaure (D:6)
  3 nagas (Lair:2)
  Edmund (D:6)
  An acid dragon (D:13)
  2 soldier ants
  A warg (Orc:2)
  15 water moccasins
  7 hell hounds
  4 porcupines
  30 orc warriors
  A hornet zombie (D:6)
  5 ice beasts
  An eye of draining (D:11)
  2 black bears (D:9)
  2 sky beasts
  2 phantoms
  2 necrophages (D:14)
  17 wolves
  8 ogres
  15 centaurs
  12 crocodiles
  A big kobold (D:13)
  A gnoll sergeant (D:12)
  Blork the orc (D:6)
  16 bullfrogs
  A wyvern zombie (D:7)
  5 water moccasin zombies (Ossuary)
  7 scorpions
  A wyvern skeleton (D:14)
  9 wights
  3 killer bees (D:11)
  5 howler monkeys
  4 crimson imps
  7 centaur zombies
  3 jellies
  A quasit (D:8)
  20 orc priests
  2 hounds
  5 centaur skeletons
  21 orc wizards
  2 bullfrog skeletons
  2 iguanas
  7 worker ants
  A killer bee zombie (D:7)
  3 big kobold zombies (Ossuary)
  A hound zombie (D:6)
  2 hound skeletons
  2 mummies (Ossuary)
  5 gnolls (D:12)
  18 adders
  2 shadow imps
  A white imp (D:4)
  2 oozes
  2 adder skeletons (D:5)
  8 adder zombies
  A worm (D:3)
  2 dart slugs
  3 leopard geckos
  131 orcs
  2 ball pythons (D:5)
  6 giant cockroaches
  4 goblins
  9 hobgoblins
  3 jackals (D:11)
  11 kobolds
  5 quokkas
  A ball python skeleton (D:4)
  10 bats
  11 frilled lizards
  2 gnoll zombies (Ossuary)
  5 hobgoblin zombies (Ossuary)
  A jackal skeleton (D:4)
  A kobold zombie (Ossuary)
  6 orc zombies (Ossuary)
  A quokka zombie (D:8)
  6 rats
780 creatures vanquished.

Vanquished Creatures (others)
  A human (Lair:5)
  5 bushes (Lair:6)
  41 fungi
  27 plants
74 creatures vanquished.

Grand Total: 854 creatures vanquished

Notes
Turn   | Place    | Note
-------+----------+-------------------------------------------
     0 | D:1      | FollowTheCloud the Gargoyle Earth Elementalist began the
                  | quest for the Orb.
     0 | D:1      | Reached XP level 1. HP: 10/10 MP: 3/3
   200 | D:1      | Reached XP level 2. HP: 16/16 MP: 1/5
   290 | D:1      | Reached skill level 1 in Fighting
   537 | D:1      | Reached XP level 3. HP: 20/20 MP: 3/6
   542 | D:1      | Learned a level 3 spell: Stone Arrow
  1994 | D:2      | Reached XP level 4. HP: 26/26 MP: 3/7
  2145 | D:2      | Reached skill level 1 in Conjurations
  2259 | D:3      | Upgraded the game from 0.23-a0-417-gf02c810438 to
                  | 0.23-a0-419-g0174fd80c1
  2348 | D:3      | Found a runed door.
  2640 | D:3      | Found a shimmering altar of Xom.
  2641 | D:3      | Found a shimmering altar of Xom.
  2641 | D:3      | Found a shimmering altar of Xom.
  2643 | D:3      | Found a shimmering altar of Xom.
  2643 | D:3      | Found a shimmering altar of Xom.
  2650 | D:3      | Found a shimmering altar of Xom.
  2877 | D:3      | Noticed HELP's ghost (amateur DsMo)
  3295 | D:4      | Reached XP level 5. HP: 26/30 MP: 1/9
  3378 | D:4      | Noticed Sigmund
  3423 | D:4      | Found a staircase to the Ecumenical Temple.
  3436 | Temple   | Entered the Ecumenical Temple
  4127 | D:4      | Killed Sigmund
  4127 | D:4      | Reached skill level 5 in Earth Magic
  4127 | D:4      | Reached XP level 6. HP: 36/37 MP: 0/11
  4404 | D:4      | Learned a level 3 spell: Mephitic Cloud
  4951 | D:4      | Reached skill level 1 in Air Magic
  4951 | D:4      | Reached XP level 7. HP: 41/41 MP: 4/12
  5064 | D:5      | Entered Level 5 of the Dungeon
  5378 | D:5      | Learned a level 1 spell: Magic Dart
  6063 | D:5      | Reached XP level 8. HP: 46/48 MP: 1/14
  6457 | D:6      | Reached skill level 5 in Fighting
  6514 | D:6      | Noticed Edmund
  6514 | D:6      | Noticed Blork the orc
  6514 | D:6      | Noticed Menkaure
  6658 | D:6      | Reached skill level 5 in Conjurations
  6770 | D:6      | Killed Blork the orc
  6955 | D:6      | Killed Edmund
  6955 | D:6      | Reached skill level 5 in Spellcasting
  7156 | D:6      | Found a shadowy altar of Dithmenos.
  7781 | D:6      | Reached XP level 9. HP: 47/55 MP: 13/17
  7786 | D:6      | Killed Menkaure
  8098 | D:7      | Noticed Harold
  8228 | Temple   | Became a worshipper of Ashenzari the Shackled
  8728 | D:7      | Found a sparkling altar of Nemelex Xobeh.
  8887 | D:7      | Killed Harold
  9313 | D:7      | Reached XP level 10. HP: 63/63 MP: 7/19
  9735 | D:8      | Found Nainigeb's Assorted Antiques.
  9797 | D:8      | Found a sand-covered staircase.
  9804 | Ossuary  | Entered an ossuary
  9979 | Ossuary  | Learned a level 5 spell: Lee's Rapid Deconstruction
 10533 | D:9      | Noticed Erolcha
 12650 | D:9      | Found an ornate altar of the Wu Jian Council.
 12661 | D:9      | Found a hazy altar of Hepliaklqana.
 12661 | D:9      | Found a glowing golden altar of the Shining One.
 12675 | D:9      | Killed Erolcha
 12909 | D:10     | Entered Level 10 of the Dungeon
 12909 | D:10     | Reached * piety under Ashenzari
 12964 | D:10     | Reached XP level 11. HP: 58/71 MP: 11/22
 12982 | D:10     | Noticed a two-headed ogre
 12998 | D:10     | Killed a two-headed ogre
 13241 | D:10     | Found a staircase to the Lair.
 13931 | D:11     | Noticed a cyclops
 14041 | Lair:1   | Entered Level 1 of the Lair of Beasts
 14202 | Lair:1   | Noticed a five-headed hydra
 14243 | Lair:1   | Killed a five-headed hydra
 14581 | Lair:1   | Reached skill level 10 in Earth Magic
 15035 | Lair:2   | Found a staircase to the Snake Pit.
 15046 | Lair:2   | Reached skill level 10 in Fighting
 15130 | Lair:2   | Found an ancient bone altar of Kikubaaqudgha.
 15147 | Lair:2   | Reached skill level 5 in Armour
 15486 | Lair:2   | Noticed Fannar
 15966 | Lair:1   | Reached XP level 12. HP: 64/78 MP: 14/25
 16039 | Lair:2   | Killed Fannar
 16298 | Lair:2   | Reached ** piety under Ashenzari
 16302 | Lair:2   | Found a staircase to the Shoals.
 16351 | Lair:2   | Learned a level 4 spell: Petrify
 18171 | Lair:3   | Found a large runed door.
 18171 | Lair:3   | Found a large runed door.
 18178 | Lair:3   | Noticed Miwiyf's ghost (journeyman DDFi)
 18526 | Lair:3   | Reached skill level 10 in Spellcasting
 19225 | Lair:4   | Reached *** piety under Ashenzari
 19343 | Lair:4   | Reached XP level 13. HP: 52/84 MP: 9/27
 20208 | Lair:5   | Found a staircase to the Slime Pits.
 20411 | Lair:5   | Noticed Nessos
 20454 | Lair:5   | Noticed Kirke
 20457 | Lair:5   | Noticed a sphinx
 20595 | Lair:4   | Noticed Josephine
 20606 | Lair:4   | Killed Josephine
 20763 | Lair:4   | Learned a level 2 spell: Blink
 21200 | Lair:2   | Reached skill level 1 in Translocations
 22149 | Lair:5   | Killed Nessos
 22469 | Lair:5   | Killed Kirke
 23705 | Lair:6   | Entered Level 6 of the Lair of Beasts
 24341 | Lair:6   | Gained mutation: Your large and strong wings let you fly
                  | indefinitely. [Gargoyle growth]
 24341 | Lair:6   | Reached XP level 14. HP: 92/92 MP: 5/29
 24809 | Slime:1  | Entered Level 1 of the Pits of Slime
 24877 | Lair:6   | Reached **** piety under Ashenzari
 24888 | Lair:6   | Found a runed door.
 24888 | Lair:6   | Noticed Napalmbreeze's ghost (journeyman TrBe)
 25132 | Lair:6   | Found a burning altar of Makhleb.
 25144 | Lair:6   | Reached skill level 10 in Armour
 25605 | Lair:6   | Reached skill level 5 in Dodging
 29768 | Lair:6   | Found a gateway to Hell.
 30524 | Lair:5   | Reached XP level 15. HP: 50/99 MP: 6/30
 31444 | D:11     | Identified the +1 shortbow of the Wheel {speed, rPois}
 31445 | D:11     | Identified the ring "Ucapnyvuji" {rF+ rC++}
 31445 | D:11     | Identified the +2 leather armour "Fienn" {Dex+3}
 31445 | D:11     | Found a runed door.
 32300 | D:8      | Bought a scroll of remove curse for 102 gold pieces
 33053 | D:12     | Reached ***** piety under Ashenzari
 33135 | D:12     | Found a roughly hewn altar of Beogh.
 33166 | D:12     | Found a staircase to the Orcish Mines.
 33866 | D:12     | Found a burning altar of Makhleb.
 34049 | Orc:1    | Entered Level 1 of the Orcish Mines
 34238 | Orc:2    | Entered Level 2 of the Orcish Mines
 34238 | Orc:2    | Found a staircase to the Elven Halls.
 34514 | Orc:2    | Paralysed by an orc sorcerer for 3 turns
 34889 | Orc:2    | Found Utait's Antique Armour Emporium.
 34890 | Orc:2    | Found a roughly hewn altar of Beogh.
 34891 | Orc:2    | Found Inap's Antique Weapon Shoppe.
 34918 | Orc:2    | Noticed Saint Roka
 34987 | Orc:2    | Found a roughly hewn altar of Beogh.
 35404 | Orc:2    | Found a roughly hewn altar of Beogh.
 35713 | Orc:2    | Found a roughly hewn altar of Beogh.
 35745 | Orc:1    | Noticed Snorg
 36036 | Orc:2    | Found a roughly hewn altar of Beogh.
 36601 | Orc:2    | HP: 5/101 [Saint Roka/divine providence (13)]
 36960 | Orc:2    | Killed Saint Roka
 37340 | Orc:2    | Noticed Azrael
 37541 | Orc:2    | Killed Azrael
 37718 | Orc:2    | Found a roughly hewn altar of Beogh.
 37797 | Orc:2    | Found Qutish's Antique Weapon Shop.
 37842 | Orc:2    | Found a roughly hewn altar of Beogh.
 37859 | Orc:2    | Found Faetit's Food Shoppe.
 38025 | Orc:2    | Bought a glowing lajatang for 468 gold pieces
 38031 | Orc:2    | Bought an encrusted scale mail for 288 gold pieces
 38031 | Orc:2    | Identified the +1 scale mail of Quantum Leap {*Corrode SInv
                  | Stlth+} (You bought it in a shop on level 2 of the Orcish
                  | Mines)
 38466 | D:13     | Reached skill level 1 in Staves
 39135 | D:14     | Found a labyrinth entrance.
 39159 | D:14     | Noticed Roxanne
 39376 | D:14     | Reached XP level 16. HP: 107/107 MP: 11/32
 39461 | D:15     | Entered Level 15 of the Dungeon
 39783 | D:15     | Learned a level 6 spell: Deflect Missiles
 40257 | D:14     | Found a sacrificial altar of Ru.
 40396 | D:14     | Reached skill level 1 in Charms
 41127 | D:14     | Reached ****** piety under Ashenzari
 41351 | D:14     | Found a gate to the Vaults.
 41575 | Snake:1  | Entered Level 1 of the Snake Pit
 41769 | Snake:1  | HP: 5/107 [guardian serpent (1)]
 41773 | Snake:1  | Slain by a guardian serpent

Vault maps used:
D:1:      eino_arrival_druids_welcome
D:2:      grunt_decor_one_mirror
D:3:      xom_redecorated, ebering_ghost_reflecting_pool
D:4:      minmay_temple_entry_water_ring, first_ration, minmay_fire_ice_demons,
          uniq_sigmund
D:6:      lemuel_coloured_pillars_altar, nicolae_overflow_hidden_temple,
          minmay_misc_feat_x, uniq_blork_the_orc, uniq_edmund, uniq_menkaure
D:7:      lemuel_crystal_altar, serial_rivers, chequers_serial_rivers_room_b,
          chequers_serial_rivers_marsh, chequers_serial_rivers_micro_b,
          chequers_serial_rivers_large_a, grunt_livestock, uniq_harold
D:8:      chequers_ossuary_entry_cave, special_room, serial_shops, shop
D:9:      kennysheep_mini, gammafunk_temple_overflow_elements,
          kennysheep_generic_room_9, uniq_erolcha
D:10:     grunt_lair_entry_orc_guard_hut
D:11:     minmay_st_funbox
D:12:     david_orc_5, basic_altar
D:13:     hangedman_abyss_or_decor_passed, minmay_bent
D:14:     david_vaults_5, lab_entry_generic, nicolae_ru_sacrificial_ziggurat,
          kennysheep_small_circle, uniq_roxanne
D:15:     hangedman_slaughterboxes, uniq_rupert
Temple:   oiseaux_autumnal_temple
Lair:2:   elwin_shoals_entry_rocks, minmay_snake_entry_guardpost_small,
          basic_altar, uniq_fannar
Lair:3:   ebering_ghost_disaster_area, beast_lair_carwin_3,
          infiniplex_staircase_pool_2
Lair:4:   serial_rivers, chequers_serial_rivers_micro_c,
          chequers_serial_rivers_marsh, chequers_serial_rivers_room_a,
          chequers_serial_rivers_micro_b, chequers_serial_rivers_micro_d,
          chequers_serial_rivers_room_b, beast_lair_carwin_6, uniq_josephine
Lair:5:   dpeg_slime_entry_corner, hangedman_lair_generics_rect, uniq_nessos,
          uniq_kirke
Lair:6:   evil_forest, ebering_ghost_inner_flame, minivault_11, minivault_26
Orc:1:    uniq_snorg
Orc:2:    grunt_orc_community_town_hall, grunt_orc_community_big_house_2,
          grunt_orc_community_big_house_2, grunt_orc_community_house_1,
          grunt_orc_community_house_2, grunt_orc_community_house_2,
          grunt_orc_community_house_1, grunt_orc_community_house_3,
          nicolae_orc_damp_corner, lemuel_statue_altar, uniq_azrael
Ossuary:  ossuary_tomb_2

Skill      XL: |  1  2  3  4  5  6  7  8  9 10 11 12 13 14 15 16 |
---------------+-------------------------------------------------+-----
Fighting       | 1 2 3 4 5 7 9 10 11 12 13 14 | 14.9
Earth Magic    | 4 5 7 9 10 12 13 14 | 14.0
Conjurations   | 1 2 3 4 5 7 8 |  8.1
Spellcasting   | 3 4 5 6 7 9 10 11 12 | 12.3
Air Magic      | 1 2 3 4 |  4.1
Armour         | 2 5 8 9 10 11 | 11.7
Dodging        | 2 4 6 8 |  8.4
Translocations | 2 |  2.9
Staves         | 3 4 |  4.9
Charms         | 1 |  1.9
Stealth        | |  2.1
Transmutations | |  0.7

Action                   |  1- 3 |  4- 6 |  7- 9 | 10-12 | 13-15 | 16-18 || total
-------------------------+-------+-------+-------+-------+-------+-------++-------
Melee: Whip              |    60 |    34 |   126 |   148 |       |       ||   368
       Unarmed           |    24 |       |       |       |       |       ||    24
       Scimitar          |       |       |       |   237 |   382 |       ||   619
       Lajatang          |       |       |       |       |   154 |   244 ||   398
Throw: Tomahawk          |       |       |       |     4 |       |       ||     4
 Cast: Sandblast         |    38 |    63 |    67 |    57 |   132 |       ||   357
       Stone Arrow       |       |    10 |    56 |   216 |   504 |    29 ||   815
       Mephitic Cloud    |       |     1 |    17 |    34 |    52 |       ||   104
       Magic Dart        |       |       |    76 |    60 |     1 |       ||   137
       Lee's Rapid Decon |       |       |       |    23 |    99 |     9 ||   131
       Petrify           |       |       |       |     1 |    36 |     1 ||    38
       Blink             |       |       |       |       |    33 |     4 ||    37
Invok: Curse Item        |       |       |       |     5 |     2 |       ||     7
 Abil: Fly               |       |       |       |       |     1 |       ||     1
Evoke: Wand              |       |       |       |     4 |    18 |     2 ||    24
  Use: Potion            |       |     2 |       |       |     6 |       ||     8
       Scroll            |       |       |     8 |     1 |     5 |     2 ||    16
 Stab: Sleeping          |     3 |       |       |       |       |       ||     3
       Confused          |       |       |     1 |     3 |       |       ||     4
       Petrified         |       |       |       |       |     1 |     9 ||    10
  Eat: Chunk             |     3 |     5 |    12 |    26 |    49 |     4 ||    99
       Ration            |       |     2 |     2 |     4 |    11 |     2 ||    21
Armor: Robe              |    50 |    34 |    85 |   118 |       |       ||   287
       Ring mail         |       |       |       |   251 |  1116 |   231 ||  1598
Dodge: Dodged            |    87 |    73 |   143 |   398 |  1246 |   280 ||  2227
       Rpst.: Scimitar   |       |       |       |    97 |   237 |       ||   334

Table legend:
 A = Non-vault XP
 B = Vault XP
 C = Vault XP percentage of total XP
 D = Non-vault monster count
 E = Vault monster count
 F = Vault count percentage of total count
                 A         B        C        D         E       F
            +---------+---------+-------+---------+---------+-------
      Total |   94477 |   52317 |  35.6 |     516 |     264 |  33.8
            +---------+---------+-------+---------+---------+-------
        D:1 |      46 |       0 |   0.0 |      27 |       0 |   0.0
        D:2 |      54 |       0 |   0.0 |      18 |       0 |   0.0
        D:3 |     178 |       0 |   0.0 |      14 |       0 |   0.0
        D:4 |     155 |     257 |  62.4 |      11 |       3 |  21.4
        D:5 |     661 |       0 |   0.0 |      21 |       0 |   0.0
        D:6 |     847 |     428 |  33.6 |      19 |       3 |  13.6
        D:7 |     695 |    1995 |  74.2 |      19 |       6 |  24.0
        D:8 |     817 |     119 |  12.7 |      16 |      27 |  62.8
        D:9 |    1219 |    1298 |  51.6 |      19 |       5 |  20.8
       D:10 |    2930 |     455 |  13.4 |      28 |       4 |  12.5
       D:11 |    3421 |    2741 |  44.5 |      35 |       7 |  16.7
       D:12 |    4078 |     655 |  13.8 |      31 |      22 |  41.5
       D:13 |    3885 |    2766 |  41.6 |      27 |       6 |  18.2
       D:14 |   10775 |    7168 |  39.9 |      33 |      15 |  31.2
       D:15 |    1441 |       0 |   0.0 |       3 |       0 |   0.0
     Temple |      10 |       0 |   0.0 |       2 |       0 |   0.0
     Lair:1 |    3308 |       0 |   0.0 |      11 |       0 |   0.0
     Lair:2 |    6484 |    1909 |  22.7 |      26 |       5 |  16.1
     Lair:3 |    6889 |    1125 |  14.0 |      24 |       3 |  11.1
     Lair:4 |    6421 |    4028 |  38.5 |      19 |      11 |  36.7
     Lair:5 |   23479 |    8603 |  26.8 |      51 |      18 |  26.1
     Lair:6 |   12001 |    6277 |  34.3 |      32 |      20 |  38.5
    Snake:1 |    2288 |       0 |   0.0 |       4 |       0 |   0.0
      Orc:1 |    1308 |     571 |  30.4 |      17 |       5 |  22.7
      Orc:2 |    1087 |   11384 |  91.3 |       9 |      73 |  89.0
    Ossuary |       0 |     538 | 100.0 |       0 |      31 | 100.0
            +---------+---------+-------+---------+---------+-------
